 Dungeon Crawl Stone Soup version 0.26.0-16-gc1dbca0489 (webtiles) character file.

Game seed: 7664336717008622879

71722 vvl the Cleaver (level 14, -5/116 HPs)
             Began as a Demonspawn Berserker on Jan 21, 2021.
             Was a High Priest of Trog.
             Killed by divine providence
             ... invoked by an orc priest
              (14 damage)
             ... on level 2 of the Orcish Mines.
             The game lasted 02:11:54 (28849 turns).

vvl the Cleaver (Demonspawn Berserker)             Turns: 28849, Time: 02:11:54

Health: -5/116     AC:  7    Str: 22    XL:     14   Next: 98%
Magic:  14/14      EV: 16    Int:  9    God:    Trog [*****.]
Gold:   1411       SH: 11    Dex: 13    Spells: 13/13 levels left

rFire    + + .     SeeInvis .   W - +6 broad axe (spect)
rCold    + . .     Faith    .   t - +0 buckler
rNeg     . . .     Spirit   .   b - +3 leather armour {Will+}
rPois    .         Reflect  +   (helmet restricted)
rElec    .         Harm     .   H - scarf {rC+ rF+}
rCorr    .         Rampage  .   (no gloves)
Will     +++..                  (no boots)
Stlth    +.........             y - amulet of reflection
HPRegen  2.29/turn              v - ring of willpower
MPRegen  0.14/turn              O - ring of protection from fire

@: repel missiles
A: antennae 2, repulsion field 3, demonic guardian 1, powered by death 2
a: Renounce Religion, Berserk, Trog's Hand, Brothers in Arms


You were on level 2 of the Orcish Mines.
You worshipped Trog.
Trog was extremely pleased with you.
You visited 3 branches of the dungeon, and saw 20 of its levels.
You also visited: Ossuary and Volcano.

You collected 2066 gold pieces.
You spent 655 gold pieces at shops.

Inventory:

Hand Weapons
 c - the +9 hand axe "Otead" {vorpal, Dex+4}
   (Trog gifted it to you on level 2 of the Orcish Mines)

   It inflicts extra damage upon your enemies.
   It affects your dexterity (+4).
 h - a +1 battleaxe of venom
 u - a +8 vorpal war axe
 J - the +3 mace "Vyrih" {venom, *Slow rF++ Dex+3 SInv}
   (You found it on level 10 of the Dungeon)

   It poisons the flesh of those it strikes.
   It affects your dexterity (+3).
   It greatly protects you from fire.
   It lets you see invisible.
   It may slow you when you take damage.
 N - the +2 dagger of Susefaz {drain, rF+ Dex+3, unknown}
   (You found it on level 2 of the Lair of Beasts)

   A truly terrible weapon, it drains the life of those it strikes.
   It affects your dexterity (+3).
   It protects you from fire.
 U - the cursed +1 short sword "Eskiguta" {flame, Int+6, unknown}
   (You found it on level 4 of the Lair of Beasts)

   It has been specially enchanted to burn those struck by it, causing extra
   injury to most foes and up to half again as much damage against particularly
   susceptible opponents.
   It affects your intelligence (+6).
   It has a curse placed upon it.
 W - a +6 spectral broad axe (weapon)
 X - a +1 arbalest of flaming
Missiles
 p - 112 bolts
Armour
 b - a +3 leather armour of willpower (worn)
 t - a +0 buckler (worn)
 x - the +1 ring mail "Yreleyz" {rC+}
   (You found it on level 6 of the Dungeon)

   It protects you from cold.
 H - a scarf of resistance (worn)
 T - a +1 chain mail of fire resistance
Magical Staves
 A - an uncursed staff of poison {unknown}
 E - an uncursed staff of death {unknown}
Jewellery
 d - an uncursed ring of resist corrosion
 v - a ring of willpower (left hand)
 y - an amulet of reflection (around neck)
 O - a ring of protection from fire (right hand)
Wands
 j - a wand of flame (12)
 V - a wand of digging (6)
Scrolls
 e - 9 scrolls of remove curse
 f - 2 scrolls of torment
 i - 14 scrolls of teleportation
 k - a scroll of immolation
 l - 3 scrolls of blinking
 m - 3 scrolls of fear
 n - 5 scrolls of magic mapping
 s - 3 scrolls of enchant armour
 G - a scroll of holy word
 L - a scroll of vulnerability
 S - a scroll of summoning
Potions
 a - 2 potions of mutation
 o - a potion of invisibility
 q - 2 potions of berserk rage
 r - 3 potions of brilliance
 z - 3 potions of cancellation
 B - 2 potions of resistance {unknown}
 C - 4 potions of might
 D - a potion of haste {unknown}
 F - 5 potions of attraction {unknown}
 M - 3 potions of flight {unknown}
Miscellaneous
 g - a lightning rod (2/4)
 Q - a phial of floods
 Z - a tin of tremorstones (2/2)


   Skills:
 + Level 12.5 Fighting
 * Level 14.5 Axes
 + Level 11.4 Armour
 - Level 2.0 Dodging
 - Level 9.0 Shields
 - Level 9.0 Evocations


You had 13 spell levels left.
You didn't know any spells.
Your spell library contained the following spells:

 Spells                   Type           Power        Failure   Level
 Animate Skeleton         Necr           0%           41%         1
 Corona                   Hex            0%           41%         1
 Corpse Rot               Necr/Air       N/A          56%         2
 Ensorcelled Hibernation  Hex/Ice        0%           56%         2
 Poisonous Vapours        Pois/Air       0%           56%         2
 Sublimation of Blood     Necr           0%           56%         2
 Confusing Touch          Hex            0%           80%         3
 Conjure Flame            Conj/Fire      0%           80%         3
 Dazzling Flash           Conj/Hex       0%           80%         3
 Gell's Gravitas          Tloc           0%           80%         3
 Mephitic Cloud           Conj/Pois/Air  0%           80%         3
 Tukima's Dance           Hex            0%           80%         3
 Dispel Undead            Necr           0%           99%         4
 Ice Form                 Ice/Tmut       0%           99%         4
 Petrify                  Tmut/Erth      0%           99%         4
 Summon Ice Beast         Ice/Summ       0%           99%         4
 Agony                    Necr           0%           100%        5
 Excruciating Wounds      Necr           0%           100%        5
 Metabolic Englaciation   Hex/Ice        0%           100%        5
 Yara's Violent Unravell  Hex/Tmut       0%           100%        5
 Freezing Cloud           Conj/Ice/Air   0%           100%        6


Dungeon Overview and Level Annotations

Branches:
Dungeon (12/15)            Temple (0/1) D:6            Lair (6/6) D:8
 Shoals (0/4) Lair:3        Snake (0/4) Lair:3        Slime (0/5) Lair:6
    Orc (2/2) D:9             Elf (0/3) Orc:2       Ossuary (visited)
Volcano (visited)

Altars:
Ashenzari
Cheibriados
Fedhas
Makhleb
Nemelex Xobeh
Okawaru
Qazlal
Ru
Uskayaw
Vehumet
Wu Jian
Xom
The Shining One

Shops:
D:5 ?   D:6 *   D:9 *   D:11 =   Orc:2 **

Portals:
Hell: Lair:6

Annotations:
D:8 exclusion: 2 oklob plants
D:11 1 runed translucent door, vvl's ghost, journeyman GrFi
Lair:6 exclusion: oklob plant


Innate Abilities, Weirdness & Mutations

You have a pair of antennae on your head.
You are surrounded by a strong repulsion field. (EV +4, RMsl)
A weak demonic guardian rushes to your aid.
You regenerate health from kills.


Message History

You kill the orc warrior!
Trog accepts your kill.
The orc warrior hits you with a +0 long sword!
* * * LOW HITPOINT WARNING * * *
The orc priest invokes the aid of Beogh against you.
Beogh smites you!
* * * LOW HITPOINT WARNING * * *
You hear a shout! x2
You swap places.
The orc priest mumbles some strange prayers to Beogh against you.
Beogh smites you!
* * * LOW HITPOINT WARNING * * *
The orc warrior throws a boomerang.
The boomerang hits your spectral weapon.
Your spectral weapon shares its damage with you!
The weapon returns to the orc warrior!
* * * LOW HITPOINT WARNING * * *
The orc priest calls down the wrath of Beogh upon you.
Beogh smites you!
You die...

..####...###.....................
###*#.5...###....................
.#*#5#5..#.###...................
###3ooo.....###..................
##.oo#{*,#...#**,................
#{o.#*{,,*#§o§##*,...............
{{{##,,*,,*#.§)##*,.........#(...
{{##{{***,,*#o.(##*..............
.##,,**∩**,{##)#@###............#
##,,**{,,**,,##...###............
.##,,*{,∩*,,##.#.###...#..).....)
.{##,{*,*,,##...###........)...))
...##,,{,,##...###.)..........).)
#...##,,,##...###.)##.........###
##{..##,##[).###..###.........##.
###.[.###...###.)###.............
3##[[.[#....##..###....#.........


You could see an orc warrior, an orc priest and a friendly +6 spectral broad axe
(summoned).

Vanquished Creatures
  A stone giant (Orc:2)
  A dire elephant (Lair:6)
  Azrael (Orc:2)
  8 hydras
  A boulder beetle (Lair:5)
  A centaur warrior (Volcano)
  2 two-headed ogres (D:12)
  Erica (D:10)
  2 catoblepae
  2 alligators
  2 orc high priests (Orc:2)
  A sun demon (Lair:6)
  A hell knight (Volcano)
  A wizard (Lair:6)
  A swamp dragon (D:10)
  A lindwurm (Lair:4)
  Pikel (D:5)
  A manticore (Lair:3)
  2 orc sorcerers
  4 orc knights (Orc:2)
  11 elephants (Lair:6)
  2 black mambas
  A smoke demon (Lair:6)
  2 molten gargoyles (Volcano)
  A gargoyle (D:11)
  18 cane toads
  4 orange demons (Lair:6)
  8 rime drakes
  10 komodo dragons
  A yaktaur (Volcano)
  2 red devils
  A hellwing (Orc:2)
  An ice devil (Lair:6)
  A tengu conjurer (D:11)
  2 hornets
  A troll (D:10)
  2 polar bears
  A wind drake (Lair:3)
  22 blink frogs
  5 dream sheep
  2 wyverns
  46 yaks
  2 fire bats (Volcano)
  5 basilisks
  2 fire elementals (Orc:2)
  2 steam dragons
  A neqoxec (Orc:2)
  A chaos spawn (Orc:2)
  Menkaure (D:5)
  4 wargs
  A naga (Lair:3)
  A swamp worm (D:9)
  An acid dragon (D:12)
  14 water moccasins
  6 hell hounds
  2 sky beasts
  24 orc warriors
  2 ice beasts
  2 black bears
  2 necrophages
  An eye of draining (D:9)
  8 ogres
  5 phantoms
  8 centaurs
  18 wolves
  15 bullfrogs
  3 gnoll sergeants
  4 elf zombies (Ossuary)
  A wyvern zombie (D:10)
  4 killer bees
  4 scorpions
  6 wights (D:11)
  2 howler monkeys (D:7)
  A centaur zombie (Ossuary)
  7 lava snakes (Volcano)
  A bullfrog zombie (D:7)
  A quasit (D:8)
  24 orc priests
  6 jellies
  2 human zombies (Ossuary)
  5 hounds
  2 bullfrog skeletons (D:5)
  A centaur skeleton (D:4)
  32 orc wizards
  An iguana (D:4)
  5 hell rats (Lair:6)
  11 worker ants
  3 big kobold zombies (Ossuary)
  2 hound skeletons (D:7)
  4 mummies
  A worker ant zombie (D:6)
  A howler monkey zombie (D:10)
  16 gnolls
  2 howler monkey skeletons
  15 adders
  4 white imps
  2 ufetubi
  7 adder zombies
  An adder skeleton (D:8)
  4 worms
  2 dart slugs
  4 leopard geckos
  86 orcs
  2 ball pythons
  4 giant cockroaches
  2 gnoll zombies (Ossuary)
  7 goblins
  5 hobgoblins
  7 jackals
  7 kobolds
  5 quokkas
  2 ball python zombies (D:5)
  6 bats
  5 frilled lizards
  2 goblin zombies (Ossuary)
  A hobgoblin zombie (Ossuary)
  2 jackal zombies (Ossuary)
  2 kobold zombies (Ossuary)
  A leopard gecko skeleton (D:5)
  2 orc zombies (Ossuary)
  4 quokka zombies (Ossuary)
  10 rats
  4 rat zombies (Ossuary)
664 creatures vanquished.

Vanquished Creatures (collateral kills)
  Gastronok (D:12)
  A catoblepas (Lair:5)
  An orc knight (Orc:2)
  An ugly thing (D:11)
  A manticore (D:12)
  A centaur skeleton (D:12)
  A red devil (Orc:2)
  A hornet (D:7)
  2 blink frogs (Lair:5)
  3 yaks
  A basilisk (Lair:4)
  A swamp worm (D:9)
  A hell hound (Orc:2)
  A floating eye (D:8)
  3 orc warriors
  An eye of draining (D:12)
  A necrophage (D:9)
  A centaur (D:9)
  A wolf (Lair:3)
  A bullfrog (D:6)
  2 hounds (D:7)
  A worker ant (D:12)
  2 adders
  7 orcs
  A goblin (D:9)
38 creatures vanquished.

Vanquished Creatures (others)
  A dream sheep (Lair:2)
  A fire elemental (Orc:2)
  A warg (Orc:2)
  45 fungi
  63 plants
  2 withered plants (D:11)
113 creatures vanquished.

Grand Total: 815 creatures vanquished

Notes
Turn   | Place    | Note
-------+----------+-------------------------------------------
     0 | D:1      | vvl the Demonspawn Berserker began the quest for the Orb.
     0 | D:1      | Reached XP level 1. HP: 18/18 MP: 1/1
   300 | D:1      | Gained mutation: A weak demonic guardian rushes to your
                  | aid. [demonic ancestry]
   300 | D:1      | Reached XP level 2. HP: 21/24 MP: 2/2
   736 | D:2      | Gained mutation: You have a pair of small antennae on your
                  | head. [demonic ancestry]
   736 | D:2      | Reached XP level 3. HP: 10/29 MP: 3/3
   739 | D:2      | Reached ** piety under Trog
   984 | D:2      | Reached skill level 3 in Axes
   984 | D:2      | Reached skill level 1 in Evocations
  1311 | D:2      | Found a stormy altar of Qazlal.
  1340 | D:2      | Reached skill level 1 in Shields
  1769 | D:2      | Gained mutation: You regenerate a little health from kills.
                  | [demonic ancestry]
  1769 | D:2      | Reached XP level 4. HP: 35/35 MP: 4/4
  2358 | D:3      | Gained mutation: You are surrounded by a mild repulsion
                  | field. (EV +2) [demonic ancestry]
  2358 | D:3      | Reached XP level 5. HP: 35/42 MP: 5/5
  2372 | D:3      | Found a radiant altar of Vehumet.
  2564 | D:3      | Reached *** piety under Trog
  3403 | D:4      | Found a sacrificial altar of Ru.
  3403 | D:4      | Found a sparkling altar of Nemelex Xobeh.
  3499 | D:4      | Gained mutation: You are surrounded by a moderate repulsion
                  | field. (EV +3) [demonic ancestry]
  3499 | D:4      | Reached XP level 6. HP: 48/48 MP: 6/6
  3890 | D:5      | Entered Level 5 of the Dungeon
  3947 | D:5      | Reached skill level 4 in Axes
  3947 | D:5      | Gained mutation: You have a pair of antennae on your head.
                  | [demonic ancestry]
  3947 | D:5      | Reached XP level 7. HP: 40/55 MP: 7/7
  4062 | D:5      | Reached **** piety under Trog
  4314 | D:5      | Noticed Pikel
  4328 | D:5      | Killed Pikel
  4329 | D:5      | Reached skill level 5 in Fighting
  4329 | D:5      | Gained mutation: You are surrounded by a strong repulsion
                  | field. (EV +4, RMsl) [demonic ancestry]
  4329 | D:5      | Reached XP level 8. HP: 53/62 MP: 8/8
  4416 | D:5      | Found an ornate altar of the Wu Jian Council.
  4494 | D:5      | Found Ivoajont's Magic Scroll Shop.
  4501 | D:5      | Bought a scroll of fear for 45 gold pieces
  4501 | D:5      | Bought a scroll of enchant weapon for 97 gold pieces
  4501 | D:5      | Bought a scroll of identify for 26 gold pieces
  4501 | D:5      | Bought a scroll of enchant armour for 97 gold pieces
  4743 | D:5      | Noticed Menkaure
  4746 | D:5      | Killed Menkaure
  4747 | D:5      | Reached skill level 5 in Axes
  4812 | D:5      | Found a glowing golden altar of the Shining One.
  5125 | D:6      | Found Facvosh's General Store.
  5183 | D:6      | Got a distressingly furry ring mail
  5195 | D:6      | Identified the +1 ring mail "Yreleyz" {rC+} (You found it
                  | on level 6 of the Dungeon)
  5259 | D:6      | Reached skill level 5 in Armour
  5475 | D:6      | Found a sacrificial altar of Ru.
  5531 | D:6      | Found a staircase to the Ecumenical Temple.
  5633 | D:6      | Found a shimmering altar of Xom.
  6047 | D:7      | Reached skill level 5 in Evocations
  6324 | D:7      | Reached XP level 9. HP: 50/69 MP: 9/9
  6626 | D:7      | Found a sand-covered staircase.
  6648 | Ossuary  | Entered an ossuary
  6693 | Ossuary  | Reached ***** piety under Trog
  6900 | Ossuary  | Reached skill level 6 in Axes
  7280 | D:7      | Found a burning altar of Makhleb.
  7463 | D:7      | Reached skill level 5 in Shields
  7867 | D:7      | Found a blossoming altar of Fedhas.
  7973 | D:8      | Found a staircase to the Lair.
  8217 | D:7      | Paralysed by a hornet for 3 turns
  8237 | D:7      | Gained mutation: You regenerate health from kills. [demonic
                  | ancestry]
  8237 | D:7      | Reached XP level 10. HP: 10/79 MP: 3/10
  8602 | D:8      | Received a gift from Trog
  8911 | D:8      | Paralysed by a floating eye for 4 turns
  8939 | D:8      | Noticed an oklob plant
  9098 | D:8      | Found a broken altar of Ashenzari.
  9444 | D:8      | Noticed an oklob plant
  9709 | D:9      | Reached skill level 7 in Axes
 10002 | D:9      | Found a hide-covered altar of Uskayaw.
 10002 | D:9      | Noticed a +0 hand axe
 10003 | D:9      | Noticed a +0 dagger
 10034 | D:9      | Found a staircase to the Orcish Mines.
 10224 | D:9      | Found a snail-covered altar of Cheibriados.
 10265 | D:9      | Found Gican's Assorted Antiques.
 10268 | D:9      | Bought an embroidered scarf for 232 gold pieces
 10625 | D:10     | Entered Level 10 of the Dungeon
 10854 | D:10     | Noticed Erica
 10865 | D:10     | Killed Erica
 10907 | D:10     | Noticed Sonja
 10910 | D:10     | Noticed Sonja
 10910 | D:10     | Sonja changed into Sonja the swamp dragon
 10922 | D:10     | Killed Sonja the swamp dragon
 11216 | D:10     | Got a smoking mace
 11217 | D:10     | Identified the cursed +3 mace "Vyrih" {venom, *Slow rF++
                  | Dex+3 SInv} (You found it on level 10 of the Dungeon)
 11318 | D:10     | Reached skill level 8 in Axes
 11612 | D:10     | Paralysed by a hornet for 3 turns
 12010 | D:11     | Found Lokluq Xapp's Jewellery Emporium.
 12039 | D:11     | Reached XP level 11. HP: 86/86 MP: 11/11
 12217 | D:11     | Found a runed translucent door.
 12221 | D:11     | Noticed vvl's ghost (journeyman GrFi)
 12269 | D:11     | Noticed a five-headed hydra
 12270 | D:11     | Noticed an alligator
 12270 | D:11     | a five-headed hydra changed into an alligator
 12284 | D:11     | Killed an alligator
 13108 | D:11     | Noticed a purple ugly thing
 13119 | D:11     | Killed a purple ugly thing
 13153 | D:11     | Reached skill level 9 in Axes
 13643 | D:12     | Reached ****** piety under Trog
 13643 | D:12     | Received a gift from Trog
 13655 | D:12     | Noticed Gastronok
 13668 | D:12     | Killed Gastronok
 13842 | D:12     | Noticed a two-headed ogre
 13855 | D:12     | Killed a two-headed ogre
 14167 | D:12     | Noticed a two-headed ogre
 14174 | D:12     | Killed a two-headed ogre
 14175 | D:12     | Reached XP level 12. HP: 77/95 MP: 12/12
 14357 | D:12     | Noticed a five-headed hydra
 14367 | D:12     | Killed a five-headed hydra
 15015 | Lair:1   | Entered Level 1 of the Lair of Beasts
 15297 | Lair:1   | Reached skill level 10 in Axes
 16531 | Lair:2   | Noticed a six-headed hydra
 16556 | Lair:2   | Killed a six-headed hydra
 16889 | Lair:2   | Found an iron altar of Okawaru.
 16901 | Lair:2   | Noticed a six-headed hydra
 16904 | Lair:2   | Noticed an alligator
 16904 | Lair:2   | a six-headed hydra changed into an alligator
 16909 | Lair:2   | Killed an alligator
 17215 | Lair:2   | Found a shimmering altar of Xom.
 17577 | Lair:2   | Got a jewelled dagger
 17660 | Lair:3   | Received a gift from Trog
 17661 | Lair:3   | Found a staircase to the Snake Pit.
 17930 | Lair:3   | Found a staircase to the Shoals.
 17949 | Lair:3   | Reached skill level 10 in Fighting
 17953 | Lair:3   | Reached skill level 11 in Axes
 18488 | Lair:3   | Noticed a catoblepas
 19080 | Lair:3   | Reached XP level 13. HP: 101/103 MP: 13/13
 19780 | Lair:4   | Got an ancient short sword
 20127 | Lair:4   | HP: 4/104 [seven-headed hydra (2)]
 21231 | Lair:5   | Reached skill level 12 in Axes
 22845 | Lair:6   | Entered Level 6 of the Lair of Beasts
 22851 | Lair:6   | Reached skill level 10 in Armour
 22852 | Lair:6   | Received a gift from Trog
 24412 | Lair:6   | Reached XP level 14. HP: 113/113 MP: 14/14
 24413 | Lair:6   | Reached skill level 13 in Axes
 25523 | Lair:6   | Found a staircase to the Slime Pits.
 25845 | Lair:6   | Found a burning altar of Makhleb.
 26316 | Lair:6   | Found a gateway to Hell.
 26323 | Lair:6   | Identified the Guide on the Evil Snowflakes
 26563 | Orc:1    | Entered Level 1 of the Orcish Mines
 26596 | Orc:1    | Found a dark tunnel.
 26604 | Volcano  | Entered a volcano
 26843 | Volcano  | Found a burning altar of Makhleb.
 27137 | Volcano  | Reached skill level 14 in Axes
 27466 | Orc:1    | Received a gift from Trog
 27553 | Orc:1    | You fall into a shaft and drop 1 floor!
 27553 | Orc:2    | Entered Level 2 of the Orcish Mines
 27624 | Orc:2    | Noticed Azrael
 27642 | Orc:2    | Killed Azrael
 27715 | Orc:2    | Found Boihuesisyc's General Store.
 27721 | Orc:2    | Found Bawaise's General Store.
 27808 | Orc:2    | Bought a scroll of identify for 26 gold pieces
 27808 | Orc:2    | Bought a scroll of identify for 26 gold pieces
 27808 | Orc:2    | Bought a scroll of identify for 26 gold pieces
 27808 | Orc:2    | Bought a potion of might for 52 gold pieces
 27810 | Orc:2    | Bought a scroll of identify for 28 gold pieces
 28307 | Orc:2    | Noticed a stone giant
 28319 | Orc:2    | Killed a stone giant
 28342 | Orc:2    | Received a gift from Trog
 28346 | Orc:2    | Got a polished hand axe {god gift}
 28356 | Orc:2    | Identified the +9 hand axe "Otead" {vorpal, Dex+4} (Trog
                  | gifted it to you on level 2 of the Orcish Mines)
 28443 | Orc:2    | Found a staircase to the Elven Halls.
 28849 | Orc:2    | Killed from afar by an orc priest

Illustrated notes

Levels and vault maps discovered:
D:1:      dpeg_arrival_concentric_ovals, layout_basic
D:2:      layout_loops_ring, grunt_qazlal_sundering
D:3:      minmay_inner_zag, layout_basic, vehumet_crystals
D:4:      layout_loops_ring, gammafunk_temple_overflow_elements,
          nicolae_underground_beach
D:5:      layout_loops_ring, kennysheep_little_box, nzn_wu_jian_contemplation,
          serial_shops, shop, uniq_pikel, uniq_menkaure
D:6:      layout_layer_cave, overflow_temple_1_default,
          minmay_temple_entry_glassed_door, serial_shops, shop,
          chequers_serial_rivers_small_3, hangedman_ru_absence
D:7:      nzn_winding_woodlands_cross [nzn_winding_woodlands_5x15_jagged,
          nzn_winding_woodlands_5x15_lazy_stream,
          nzn_winding_woodlands_5x15_garden,
          nzn_winding_woodlands_5x15_river_crossing,
          nzn_winding_woodlands_15x15_killbox], layout_loops_cross,
          fedhas_altar_4, gup_ossuary_entry_pyramid, lemuel_statue_altar
D:8:      kennysheep_steamy, layout_loops_cross, ashenzari_conservatory_becter,
          erik_lair_orcish_takeover, disabler_island
D:9:      layout_rooms, dancing_weapons_uskayaw, kennysheep_mini_moat,
          erik_orc_4, serial_shops, nicolae_shop_behind_doors, worms_lemuel
D:10:     layout_basic, grunt_ogre_cave, uniq_sonja, uniq_erica
D:11:     wad_cavern_with_rooms, layout_long_grid, serial_shops,
          nicolae_shop_trees, gammafunk_ghost_grave
D:12:     layout_layer_cave, nicolae_lava_and_water, uniq_gastronok
Lair:1:   layout_long_grid
Lair:2:   layout_hall_layers, basic_altar, chequers_serial_rivers_small_3,
          kb_xom_exploding_sheep
Lair:3:   layout_regular_city, minmay_shoals_entry_beasts,
          guppyfry_snake_entry_garden
Lair:4:   layout_small_grid, infiniplex_staircase_pool_2, serial_bayou_shore_b,
          lemuel_fruit_fields, grunt_megastairs_1, serial_bayou_shore_b,
          serial_bayou_shore_a
Lair:5:   layout_regular_city
Lair:6:   evil_forest, layout_loops_ring, minmay_slime_entry_oklob_enclosed
Orc:1:    layout_caves, enter_volcano_1
Orc:2:    pf_orc_diabolical, layout_caves, uniq_azrael

Skill      XL: |  1  2  3  4  5  6  7  8  9 10 11 12 13 14 |
---------------+-------------------------------------------+-----
Armour         | 2 3 4 5 6 7 8 9 10 11 | 11.4
Dodging        | 2 |  2.0
Axes           | 3 4 5 6 8 9 11 12 14 | 14.5
Evocations     | 1 2 4 5 6 7 8 9 |  9.0
Shields        | 1 2 3 4 5 6 7 8 9 |  9.0
Fighting       | 4 5 6 7 8 9 10 11 12 | 12.5

Action                   |  1- 3 |  4- 6 |  7- 9 | 10-12 | 13-15 || total
-------------------------+-------+-------+-------+-------+-------++-------
Melee: Hand axe          |   122 |   196 |       |       |       ||   318
       War axe           |       |     9 |   331 |   662 |   228 ||  1230
       Broad axe         |       |       |       |    14 |   367 ||   381
       Mace              |       |       |       |     9 |     1 ||    10
Throw: Throwing net      |       |       |       |       |     1 ||     1
Invok: Berserk           |     1 |     1 |       |       |     2 ||     4
       Trog's Hand       |       |       |       |     1 |     8 ||     9
       Brothers in Arms  |       |       |       |     1 |     2 ||     3
Evoke: Wand              |       |       |       |    32 |    64 ||    96
       Lightning rod     |       |       |       |       |     7 ||     7
  Use: Scroll            |       |     5 |     9 |     9 |    24 ||    47
       Potion            |       |       |     1 |     8 |     8 ||    17
 Stab: Distracted        |       |       |     1 |     6 |     8 ||    15
       Sleeping          |       |       |       |     1 |     1 ||     2
Armor: Animal skin       |     3 |       |       |       |       ||     3
       Scale mail        |    76 |    48 |       |       |       ||   124
       Leather armour    |       |    22 |    92 |   106 |    98 ||   318
Dodge: Dodged            |   104 |   144 |   306 |   471 |   358 ||  1383
       Repelled          |       |       |       |     6 |     7 ||    13
Block: Buckler           |       |       |       |   146 |   278 ||   424
       Reflection        |       |       |       |       |    10 ||    10
